 Dungeon Crawl Stone Soup version 0.27-a0-1591-gc56fcc985a (webtiles) character file.

Game seed: 7838048988030255531

77 daftaero the Cudgeller (level 4, -6/41 HPs)
             Began as a Minotaur Berserker on July 19, 2021.
             Was a Believer of Trog.
             Mangled by an ice beast (14 damage)
             ... on level 3 of the Dungeon.
             The game lasted 00:02:56 (2027 turns).

daftaero the Cudgeller (Minotaur Berserker)         Turns: 2027, Time: 00:02:57

Health: -6/41      AC:  2    Str: 22    XL:     4   Next: 14%
Magic:  3/3        EV:  9    Int:  4    God:    Trog [**....]
Gold:   50         SH:  8    Dex: 10    Spells: 3/3 levels left

rFire    . . .     SeeInvis .   e - +0 flail
rCold    . . .     Faith    .   a - +0 kite shield
rNeg     . . .     Spirit   .   b - +0 animal skin
rPois    .         Reflect  .   (helmet restricted)
rElec    .         Harm     .   (no cloak)
rCorr    .         Rampage  .   (no gloves)
Will     .....                  (no boots)
Stlth    +.........             (no amulet)
HPRegen  0.13/turn              (no ring)
MPRegen  0.08/turn              (no ring)

@: no status effects
A: horns 2, retaliatory headbutt
a: Renounce Religion, Berserk, Trog's Hand


You were on level 3 of the Dungeon.
You worshipped Trog.
Trog was pleased with you.
You visited 1 branch of the dungeon, and saw 3 of its levels.

You collected 50 gold pieces.

Inventory:

Hand Weapons
 e - a +0 flail (weapon)
Armour
 a - a +0 kite shield (worn)
 b - a +0 animal skin (worn)
Jewellery
 f - a ring of positive energy
Scrolls
 g - 4 scrolls of identify {unknown}
 i - a scroll of amnesia {unknown}
 j - a scroll of blinking {unknown}
Potions
 d - a potion of degeneration {unknown}
 h - a potion of might {unknown}
 k - a potion of curing {unknown}


   Skills:
 + Level 4.7 Fighting
 + Level 4.7 Maces & Flails
 - Level 2.4 Armour
 - Level 2.1 Dodging
 + Level 2.0 Shields


You had 3 spell levels left.
You didn't know any spells.
Your spell library was empty.

Dungeon Overview and Level Annotations

Branches:
Dungeon (3/15)

Altars:
Cheibriados
Qazlal

Shops:
D:1 !


Innate Abilities, Weirdness & Mutations

You have a pair of horns on your head.
You reflexively headbutt those who attack you in melee.


Message History

You barely miss the frilled lizard. You block the frilled lizard's attack.
You thump the frilled lizard!
You kill the frilled lizard!
Trog accepts your kill.
HP restored.
Found 21 stones.
A bullfrog comes into view.
You see here a +0 robe.
Found 4 javelins.
Found a stormy altar of Qazlal.
You see here 30 bolts.
Found a club.
You open the door.
There is an open door here.
You open the door.
There is an open door here.
Found a cloak.
You see here a +0 cloak.
An ice beast comes into view.
The ice beast moves out of view.
You sock the ice beast! You headbutt the ice beast!
The ice beast is heavily wounded.
The ice beast closely misses you.
You hit the ice beast but do no damage.
You headbutt the ice beast, but do no damage.
The ice beast is heavily wounded.
The ice beast hits you. The ice beast freezes you!
You closely miss the ice beast. You headbutt the ice beast.
The ice beast is severely wounded.
The ice beast hits you. The ice beast freezes you.
The ice beast barely misses you.
You hit the ice beast but do no damage.
The ice beast is severely wounded.
The ice beast hits you. The ice beast freezes you!
* * * LOW HITPOINT WARNING * * *
You hit the ice beast.
The ice beast is severely wounded.
The ice beast hits you.
* * * LOW HITPOINT WARNING * * *
The ice beast freezes you!
You die...

#.# #..##.##..# ##'##
#..##.##..# ##...##
#..##.##..# #.....##
#..##.##[.# .......##
#..##.##..#
........####.........#
........+........#####
..).....####...#.#
.......## ##.##@#
#.....## ####Y#
##...## #.# .#+## #.#
.# ### #.# ## #... #.#
.#....####.#
...8.......#
.#....######


You could see an ice beast.

Vanquished Creatures
  3 adders (D:2)
  A dart slug (D:2)
  3 ball pythons
  4 bats
  An endoplasm (D:1)
  2 giant cockroaches
  5 goblins
  7 hobgoblins
  6 jackals (D:2)
  2 kobolds
  7 frilled lizards
  5 rats
46 creatures vanquished.

Notes
Turn   | Place    | Note
-------+----------+-------------------------------------------
     0 | D:1      | daftaero the Minotaur Berserker began the quest for the
                  | Orb.
     0 | D:1      | Reached XP level 1. HP: 19/19 MP: 0/0
   115 | D:1      | Reached XP level 2. HP: 27/27 MP: 1/1
   343 | D:1      | Found Rojualea's Distillery.
   826 | D:2      | Reached skill level 1 in Shields
   826 | D:2      | Reached XP level 3. HP: 31/34 MP: 2/2
   946 | D:2      | Reached ** piety under Trog
  1089 | D:2      | Found a snail-covered altar of Cheibriados.
  1139 | D:2      | Reached XP level 4. HP: 30/41 MP: 3/3
  1307 | D:2      | Found a faded altar of an unknown god.
  1915 | D:3      | Noticed a bullfrog
  1937 | D:3      | Found a stormy altar of Qazlal.
  2011 | D:3      | Noticed an ice beast
  2027 | D:3      | Mangled by an ice beast

Illustrated notes

Levels and vault maps discovered:
D:1:      saegor_arrival_simple_e, layout_loops_cross, serial_shops,
          nicolae_lakefront_shop, minmay_heptomino_d4
D:2:      layout_rooms, shapermc_ecumenical_altar_ellora, basic_altar
D:3:      layout_loops_corners, tgw_xom, lemuel_tele_altar, serial_shops,
          nicolae_shop_stone, minmay_misc_feat_four_crosses, uniq_grinder

Skill      XL: |  1  2  3  4 |
---------------+-------------+-----
Fighting       | 4 |  4.7
Maces & Flails | 4 |  4.7
Shields        | 1 2 |  2.0
Armour         | |  2.4
Dodging        | |  2.1

Action                   |  1- 3 |  4- 6 || total
-------------------------+-------+-------++-------
Melee: Mace              |    20 |       ||    20
       Headbutt          |    13 |     5 ||    18
       Flail             |    61 |    23 ||    84
Invok: Berserk           |     1 |       ||     1
  Use: Scroll            |       |     1 ||     1
 Stab: Sleeping          |     1 |       ||     1
Armor: Animal skin       |    24 |     1 ||    25
Dodge: Dodged            |    53 |    10 ||    63
Block: Kite shield       |    36 |    10 ||    46

Table legend: (Time is in decaauts)
 A = Elapsed time spent in this place.
 B = Non-inter-level travel time spent in this place.
 C = Inter-level travel time spent in this place.
 D = Time resting spent in this place.
 E = Time spent auto-exploring this place.
 F = Levels seen in this place.
 G = Mean time per level.
                   A        B        C        D        E       F      G
               +--------+--------+--------+--------+--------+-----+--------+
         Total |   2076 |   2055 |     21 |    271 |   1320 |   3 |  692.0 |
       Dungeon |   2076 |   2055 |     21 |    271 |   1320 |   3 |  692.0 |
               +--------+--------+--------+--------+--------+-----+--------+

Top non-repeatable levels by time:
     D:2: 976 daAuts
     D:1: 836 daAuts
     D:3: 264 daAuts
